 Dungeon Crawl Stone Soup version 0.31-a0-174-g85c54bcb58 (webtiles) character file.

Game seed: 18159656769900514440

1394 qw the Skirmisher (level 8, 0/51 HPs)
             Began as a Gargoyle Hunter on June 15, 2023.
             Slain by a wight
             ... wielding a +0 morningstar
              (3 damage)
             ... on level 6 of the Dungeon.
             The game lasted 00:01:59 (4100 turns).

qw the Skirmisher (Gargoyle Hunter)                 Turns: 4100, Time: 00:01:59

Health: 0/51       AC: 10    Str: 15    XL:     8   Next: 68%
Magic:  8/8        EV: 12    Int: 10    God:
Gold:   442        SH:  0    Dex: 15    Spells: 7/7 levels left

rFire   . . .        Y - +2 shortbow (flame)
rCold   + . .        (shield currently unavailable)
rNeg    + + .        h - +2 robe of Watchfulness {rN+}
rPois   inf          (no helmet)
rElec   +            (no cloak)
rCorr   .            (no gloves)
SInv    .            e - +0 pair of boots
Will    .....        (no amulet)
Stlth   ++           k - ring of protection from cold
HPRegen 0.28/turn    (no ring)
MPRegen 0.11/turn

%: no passive effects
@: about to teleport
A: sickness immunity, AC +5, negative energy resistance 1, electricity
resistance, torment resistance 1, petrification resistance
a: no special abilities


You were on level 6 of the Dungeon.
You visited 1 branch of the dungeon, and saw 6 of its levels.

You collected 442 gold pieces.


Innate Abilities, Weirdness & Mutations

You are immune to sickness and miasma.
Your stone body is resilient. (AC +5)
You are immune to poison.
You resist negative energy. (rN+)
You are resistant to electric shocks. (rElec)
You are resistant to unholy torment.
You are immune to petrification.


   Skills:
 - Level 6.1 Fighting
 + Level 9.5 Ranged Weapons
 - Level 1.7 Armour
 - Level 2.0 Dodging
 - Level 1.1 Stealth


You had 7 spell levels left.
You didn't know any spells.
Your spell library was empty.

Inventory:

Hand Weapons
 Y - a +2 shortbow of flaming (weapon)
Armour
 e - a +0 pair of boots (worn)
 h - the +2 robe of Watchfulness (worn) {rN+}
   (You found it on level 3 of the Dungeon)

   rN:        It protects you from negative energy.
Jewellery
 k - a ring of protection from cold (left hand)
Wands
 n - a wand of digging (4)
Scrolls
 b - 2 scrolls of identify
 i - a scroll of teleportation
Potions
 a - a potion of might
 c - a potion of mutation {unknown}
 d - a potion of curing {unknown}
 f - 2 potions of resistance
 g - 3 potions of lignification
 j - a potion of ambrosia {unknown}
 l - a potion of haste {unknown}
 m - a potion of heal wounds {unknown}
 o - a potion of brilliance {unknown}

Dungeon Overview and Level Annotations

Branches:
Dungeon (6/15)
 Temple: D:4-7

Altars:
Fedhas
Uskayaw
Zin

Annotations:
D:4 3 runed translucent doors, qw's ghost, novice NaHu


Message History

The wight is heavily damaged.
The wight barely misses you.
You shoot an arrow. The arrow closely misses the wight. x2
The wight hits you from afar with a +5 halberd!
You shoot an arrow. The arrow hits the wight.
The arrow burns the wight.
The wight is severely damaged.
The wight hits you from afar with a +5 halberd.
4090 ||| READING 3 scrolls of teleportation.
As you read the scroll of teleportation, it crumbles to dust.
You feel strangely unstable. The wight barely misses you.
You shoot an arrow. The arrow closely misses the wight.
The arrow hits the wight!
The arrow burns the wight.
The wight is almost destroyed.
The wight barely misses you.
You shoot an arrow. The arrow hits the wight!
The arrow burns the wight.
You destroy the wight!
Your surroundings suddenly seem different.
Enter note:
Enter note: You shoot an arrow.
The arrow closely misses the wight.
You shoot an arrow. The arrow hits the wight.
The arrow burns the wight.
The wight is heavily damaged.
You shoot an arrow. The arrow barely misses the wight.
You shoot an arrow.
The arrow hits the wight but does no damage.
The wight is heavily damaged.
4097 ||| READING 2 scrolls of teleportation.
As you read the scroll of teleportation, it crumbles to dust.
You feel strangely unstable.
You shoot an arrow.
The arrow hits the wight but does no damage.
The wight is almost destroyed.
The wight hits you with a +0 flail. The wight barely misses you.
You shoot an arrow. The arrow hits the wight.
The arrow burns the wight.
You destroy the wight!
The wight hits you with a +0 morningstar.
You shoot an arrow. The arrow barely misses the wight.
The wight hits you with a +0 morningstar.
You die...

:....#..........
.....[...#####
#.##..###.##
#.....###.#
.......#.)...#
.#####)#######
#.. z. #)####...
#@z......
######... #. #.
#.


You could see a wight.

Vanquished Creatures
  A water moccasin (D:5)
  A black bear (D:5)
  A phantom (D:3)
  2 bullfrogs
  A gnoll sergeant (D:6)
  A scorpion (D:3)
  3 wights (D:6)
  2 hounds (D:5)
  3 jellies (D:5)
  2 orc priests
  2 gnoll boudas (D:5)
  A sleepcap (D:5)
  Natasha (thrice) (D:2)
  3 orc wizards (D:5)
  14 gnolls
  5 adders
  2 shadow imps
  A worm (D:2)
  3 dart slugs
  13 orcs
  2 bats
  5 endoplasms
  3 giant cockroaches
  2 goblins
  3 hobgoblins
  11 jackals
  A quokka (D:3)
  8 ball pythons
  4 kobolds
  9 rats
112 creatures vanquished.

Notes
Turn   | Place    | Note
-------+----------+-------------------------------------------
     0 | D:1      | qw the Gargoyle Hunter began the quest for the Orb.
     0 | D:1      | Reached XP level 1. HP: 12/12 MP: 1/1
     0 | D:1      | 0 ||| qw: Version: 0.2-a-29-g511e9b1
     0 | D:1      | 0 ||| qw: Game counter: 5484
     0 | D:1      | 0 ||| qw: Always use a shield: true
     0 | D:1      | 0 ||| qw: God list: Okawaru
     0 | D:1      | 0 ||| qw: Allow faded altars: false
     0 | D:1      | 0 ||| qw: Do Orc after D:15 true
     0 | D:1      | 0 ||| qw: Do second Lair branch before Depths: true
     0 | D:1      | 0 ||| qw: Lair rune preference: random
     0 | D:1      | 0 ||| qw: Plans: Normal, Zot:1-4, Slime:5, God:TSO, Crypt,
                  | Tomb, Abyss, Pan, Hells, Win
     0 | D:1      | 0 ||| PLANNING D:1-11
   175 | D:1      | HP: 3/12 [endoplasm (1)]
   177 | D:1      | Reached XP level 2. HP: 5/17 MP: 2/2
   516 | D:1      | 516 ||| UPGRADING to ring of protection from cold.
   517 | D:1      | 517 ||| READING scroll labelled ANI PIUNKUOFO.
   517 | D:1      | Identified a scroll of acquirement
   517 | D:1      | 517 ||| ACQUIRING +2 shortbow of freezing
   517 | D:1      | Acquired a +2 shortbow of freezing
   519 | D:1      | 519 ||| UPGRADING to +2 shortbow of freezing.
   520 | D:1      | 520 ||| DROPPING +0 shortbow.
   521 | D:1      | 521 ||| READING scroll labelled EBRU MAEXOR.
   522 | D:1      | 522 ||| READING scroll labelled AFOXUEMOXT.
   523 | D:1      | 523 ||| READING scroll labelled PAEDEKKAMYL.
   534 | D:1      | 534 ||| READING scroll labelled OTOYBL PEACEL.
   535 | D:1      | 535 ||| DROPPING scroll of butterflies.
   665 | D:2      | Reached skill level 5 in Ranged Weapons
   665 | D:2      | Reached XP level 3. HP: 20/21 MP: 3/3
   710 | D:2      | Noticed Natasha
   712 | D:2      | 712 ||| FLEEEEING.
   713 | D:2      | 713 ||| FLEEEEING.
   715 | D:2      | 715 ||| FLEEEEING.
   721 | D:2      | Killed Natasha
   722 | D:2      | Reached skill level 3 in Fighting
   722 | D:2      | Reached XP level 4. HP: 28/28 MP: 4/4
   997 | D:2      | Noticed Natasha
  1006 | D:2      | Killed Natasha
  1390 | D:2      | Noticed Natasha
  1399 | D:2      | Killed Natasha
  1400 | D:2      | Reached XP level 5. HP: 10/32 MP: 5/5
  1492 | D:2      | Found a faded altar of an unknown god.
  1553 | D:2      | 1553 ||| UPGRADING to +0 pair of boots.
  1558 | D:2      | 1558 ||| READING scroll labelled LEIGAG ISHREGGO.
  1559 | D:2      | 1559 ||| DRINKING 2 fizzy white potions.
  1560 | D:2      | 1560 ||| DRINKING 3 ruby potions.
  1614 | D:3      | Noticed a phantom
  1627 | D:3      | Killed a phantom
  1628 | D:3      | Reached skill level 6 in Ranged Weapons
  1686 | D:3      | 1686 ||| FLEEEEING.
  1687 | D:3      | 1687 ||| FLEEEEING.
  1695 | D:3      | 1695 ||| FLEEEEING.
  1696 | D:3      | 1696 ||| FLEEEEING.
  1697 | D:3      | 1697 ||| FLEEEEING.
  1698 | D:3      | 1698 ||| FLEEEEING.
  1699 | D:3      | 1699 ||| FLEEEEING.
  1700 | D:3      | 1700 ||| FLEEEEING.
  1702 | D:3      | 1702 ||| FLEEEEING.
  1703 | D:3      | 1703 ||| FLEEEEING.
  1715 | D:3      | 1715 ||| FLEEEEING.
  1716 | D:3      | 1716 ||| FLEEEEING.
  1717 | D:3      | 1717 ||| FLEEEEING.
  1718 | D:3      | 1718 ||| FLEEEEING.
  1719 | D:3      | 1719 ||| FLEEEEING.
  1720 | D:3      | 1720 ||| FLEEEEING.
  1721 | D:3      | 1721 ||| FLEEEEING.
  1722 | D:3      | 1722 ||| STAIRDANCE
  1747 | D:3      | 1747 ||| STAIRDANCE
  1750 | D:2      | Reached skill level 1 in Armour
  1750 | D:2      | Reached XP level 6. HP: 27/37 MP: 6/6
  1855 | D:3      | Found a glowing silver altar of Zin.
  1885 | D:3      | Identified the +2 robe of Watchfulness {rN+}
  2379 | D:3      | 2379 ||| UPGRADING to +2 robe of Watchfulness {rN+}.
  2389 | D:3      | 2389 ||| DROPPING +0 leather armour.
  2390 | D:3      | 2390 ||| READING scroll labelled QEYTSIFEFU.
  2395 | D:3      | 2395 ||| READING 2 scrolls of identify.
  2395 | D:3      | 2395 ||| IDENTIFYING lumpy emerald potion
  2456 | D:4      | Found a hide-covered altar of Uskayaw.
  2518 | D:4      | Noticed qw's ghost (novice NaHu)
  2564 | D:4      | Found a blossoming altar of Fedhas.
  2599 | D:4      | Found a runed translucent gate.
  2599 | D:4      | Found a runed translucent gate.
  2601 | D:4      | Found a runed translucent gate.
  2838 | D:4      | 2838 ||| READING scroll labelled GUNAAT WOGHYVI.
  2839 | D:4      | 2839 ||| READING 2 scrolls of identify.
  2839 | D:4      | 2839 ||| IDENTIFYING bubbling red potion
  2840 | D:4      | 2840 ||| DROPPING potion of enlightenment.
  2854 | D:5      | Entered Level 5 of the Dungeon
  2922 | D:5      | Reached skill level 7 in Ranged Weapons
  2923 | D:5      | HP: 8/38 [orc wizard/+0 dagger (4)]
  2928 | D:5      | HP: 7/38 [orc wizard/+0 dagger (3)]
  3083 | D:5      | Reached XP level 7. HP: 43/43 MP: 7/7
  3153 | D:5      | Reached skill level 8 in Ranged Weapons
  3365 | D:5      | Reached XP level 8. HP: 43/49 MP: 8/8
  3497 | D:5      | Reached skill level 9 in Ranged Weapons
  3582 | D:6      | 3582 ||| STAIRDANCE
  3673 | D:6      | 3673 ||| STAIRDANCE
  3714 | D:6      | 3714 ||| STAIRDANCE
  3742 | D:6      | 3742 ||| STAIRDANCE
  3820 | D:6      | 3820 ||| STAIRDANCE
  3864 | D:6      | Reached skill level 6 in Fighting
  4089 | D:6      | HP: 10/51 [wight/+5 halberd (5)]
  4090 | D:6      | 4090 ||| READING 3 scrolls of teleportation.
  4097 | D:6      | 4097 ||| READING 2 scrolls of teleportation.
  4098 | D:6      | HP: 7/51 [wight/+0 flail (5)]
  4099 | D:6      | HP: 3/51 [wight/+0 morningstar (4)]
  4100 | D:6      | Slain by a wight

Levels and vault maps discovered:
D:1:      dpeg_arrival_water_temple_mockup, layout_rooms,
          corexii_hall_statues_i, minmay_fountain_box
D:2:      layout_basic, hellmonk_ecumenical_altar_inner_sanctum, serial_curves,
          eino_curves_02, eino_curves_03, eino_curves_01, uniq_natasha
D:3:      layout_loops_ring, mainiacjoe_overflow_24_doors
D:4:      layout_rooms, mainiacjoe_overflow_chevrons, nicolae_uskayaw_suspiria,
          gammafunk_ghost_icy, dreamdust_mushroom_princess
D:5:      layout_rooms
D:6:      layout_basic, temple_statues, kennysheep_pointless_box

Skill      XL: |  1  2  3  4  5  6  7  8 |
---------------+-------------------------+-----
Ranged Weapons | 5 6 7 8 9 |  9.5
Fighting       | 3 4 5 6 |  6.1
Armour         | 1 |  1.7
Dodging        | 2 |  2.0
Stealth        | |  1.1

Action                     |  1- 3 |  4- 6 |  7- 9 || total
---------------------------+-------+-------+-------++-------
   Fire: Shortbow          |    66 |   153 |   195 ||   414
    Use: Scroll            |     5 |     5 |     2 ||    12
         Potion            |       |     2 |       ||     2
 Armour: Leather armour    |     7 |    13 |       ||    20
         Robe              |       |    27 |    34 ||    61
  Dodge: Dodged            |     7 |    44 |    50 ||   101

Table legend:
 A = Non-vault XP
 B = Vault XP
 C = Vault XP percentage of total XP
 D = Non-vault monster count
 E = Vault monster count
 F = Vault count percentage of total count
                 A         B        C        D         E       F
            +---------+---------+-------+---------+---------+-------
      Total |    1957 |      35 |   1.8 |     111 |       1 |   0.9
            +---------+---------+-------+---------+---------+-------
        D:1 |      19 |       0 |   0.0 |      14 |       0 |   0.0
        D:2 |     177 |      35 |  16.5 |      22 |       1 |   4.3
        D:3 |     213 |       0 |   0.0 |      17 |       0 |   0.0
        D:4 |      23 |       0 |   0.0 |       6 |       0 |   0.0
        D:5 |    1062 |       0 |   0.0 |      42 |       0 |   0.0
        D:6 |     463 |       0 |   0.0 |      10 |       0 |   0.0
            +---------+---------+-------+---------+---------+-------
